 Dungeon Crawl Stone Soup version 0.25.1-8-g42b30a86e7 (webtiles) character file.

Game seed: 9822247117411316179

2847 Gabide the Spear-Bearer (level 10, 0/73 HPs)
             Began as a Human Abyssal Knight on Dec 6, 2020.
             Was a Priest of Lugonu.
             Slain by a killer bee (2 damage)
             ... on level 8 of the Dungeon.
             The game lasted 00:21:14 (8476 turns).

Gabide the Spear-Bearer (Human Abyssal Knight)      Turns: 8476, Time: 00:21:14

Health: 0/73       AC:  7    Str: 16    XL:     10   Next: 4%
Magic:  13/13      EV: 14    Int: 12    God:    Lugonu [***...]
Gold:   328        SH:  0    Dex: 19    Spells: 9/9 levels left

rFire    . . .     SeeInvis .   v - +1 halberd (vamp)
rCold    . . .     Gourm    .   (shield currently unavailable)
rNeg     . . .     Faith    .   a - +0 leather armour {rPois}
rPois    +         Spirit   .   k - +1 helmet
rElec    .         Reflect  .   r - +0 cloak
rCorr    .         Harm     .   (no gloves)
MR       .....                  (no boots)
Stlth    +.........             f - amulet of magic regeneration
HPRegen  0.22/turn              g - +6 ring of dexterity
MPRegen  0.38/turn              (no ring)

@: mighty, lethally poisoned (0 -> -1), studying Bows
A: no striking features
a: Depart the Abyss, Bend Space, Banish, Renounce Religion


You were on level 8 of the Dungeon.
You worshipped Lugonu.
Lugonu was most pleased with you.
You were not hungry.

You visited 1 branch of the dungeon, and saw 8 of its levels.
You visited the Abyss 1 time.

You collected 328 gold pieces.

Inventory:

Hand Weapons
 v - a +1 vampiric halberd (weapon)
Missiles
 b - 4 boomerangs (quivered)
Armour
 a - a +0 leather armour of poison resistance (worn)
 i - a +0 ring mail
 k - a +1 helmet (worn)
 r - a +0 cloak (worn)
Jewellery
 f - an amulet of magic regeneration (around neck)
 g - a +6 ring of dexterity (left hand)
Wands
 d - a wand of polymorph (7)
 n - a wand of iceblast (9)
 u - a wand of paralysis (7)
 w - a wand of enslavement (3)
Scrolls
 h - 2 scrolls of amnesia
 j - 4 scrolls of teleportation
 s - a scroll of fog
Potions
 l - a potion of mutation
 o - 2 potions of brilliance
Books
 m - a manual of Bows
Comestibles
 c - 11 rations


   Skills:
 + Level 4.7 Fighting
 * Level 9.2 Polearms
 * Level 5.3 Throwing
 + Level 4.4 Armour
 * Level 4.0 Dodging
 + Level 4.4 Invocations


You had 9 spell levels left.
You didn't know any spells.
Your spell library contained the following spells:

 Spells                   Type           Power        Failure   Level  Hunger
 Corona                   Hex            #......      36%         1    ##.....
 Slow                     Hex            #.......     52%         2    ###....
 Inner Flame              Hex/Fire       #.......     75%         3    ####...
 Portal Projectile        Hex/Tloc       #.....       75%         3    ####...
 Cause Fear               Hex            #.........   98%         4    #####..
 Leda's Liquefaction      Hex/Erth       #.........   98%         4    #####..


Dungeon Overview and Level Annotations

Branches:
Dungeon (8/15)             Temple (0/1) D:5
   Lair: D:8-11

Altars:
Cheibriados
Elyvilon
Gozag
Hepliaklqana
Trog
Vehumet
Wu Jian
Xom
Zin

Shops:
D:4 :

Annotations:
D:6 1 runed translucent door, Alannah's ghost, novice DrWn
D:7 3 runed translucent doors, raetorn's ghost, novice DsWz


Message History

The killer bee stings you but does no damage. x2
You completely miss the killer bee.
The killer bee stings you but does no damage. x2
You puncture the killer bee!
You feel better.
The killer bee is almost dead.
You feel less wooden.
Your +0 cloak unmelds from your body.
Your +1 helmet unmelds from your body.
Your +0 leather armour of poison resistance unmelds from your body.
You feel resistant to poison. The killer bee stings you!
* * * LOW HITPOINT WARNING * * *
The killer bee stings you.
* * * LOW HITPOINT WARNING * * *
Okay, then.
Space bends around you!
You blink.
The killer bee barely misses you.
You don't have enough health at the moment.
It was a potion of might.
You feel very mighty all of a sudden.
* * * LOW HITPOINT WARNING * * *
You feel sick. The killer bee stings you.
You die...

#.######### #.# #)#
#.# #.# # #.# # #.#
#.#.#.# #.# #.#.#.#
#.# .....
#.#########
###.#####.#........
#.@y......#.#######
#y#(#######.#######
###.#....#
#......).
#.!.((...#
#########
#..).....#
#....(...#
#......### ##(...##
.....)#


You could see 2 killer bees.

Vanquished Creatures
  A troll (D:8)
  Eustachio (D:6)
  A steam dragon (D:7)
  2 phantoms
  A sky beast (D:7)
  2 necrophages
  3 ogres
  3 centaurs
  A crocodile (D:7)
  5 bullfrogs
  2 killer bees (D:8)
  3 wights (D:7)
  A vampire bat (D:5)
  2 crimson imps
  A centaur zombie (D:6)
  2 orc priests (D:3)
  5 hounds
  A jelly (D:6)
  6 worker ants
  A hound zombie (D:7)
  7 gnolls (D:6)
  7 adders
  2 shadow imps (D:5)
  An ooze (D:3)
  An adder zombie (D:6)
  An adder skeleton (D:7)
  2 worms
  2 dart slugs
  2 leopard geckos (D:2)
  20 orcs
  15 bats
  5 giant cockroaches
  10 hobgoblins
  9 jackals
  9 kobolds
  A quokka (D:4)
  5 ball pythons
  9 frilled lizards
  5 goblins
  A jackal skeleton (D:4)
  10 rats
168 creatures vanquished.

Notes
Turn   | Place    | Note
-------+----------+-------------------------------------------
     0 | Abyss:1  | Gabide the Human Abyssal Knight began the quest for the
                  | Orb.
     0 | Abyss:1  | Reached XP level 1. HP: 18/18 MP: 2/2
    22 | Abyss:1  | Noticed a raiju
    23 | Abyss:1  | Noticed a worldbinder
    24 | D:1      | Escaped the Abyss
    74 | D:1      | Reached * piety under Lugonu
    74 | D:1      | Reached XP level 2. HP: 13/24 MP: 3/3
   641 | D:1      | Reached XP level 3. HP: 29/29 MP: 4/4
  1720 | D:2      | Found a snail-covered altar of Cheibriados.
  1964 | D:2      | Reached skill level 3 in Polearms
  1964 | D:2      | Reached XP level 4. HP: 34/35 MP: 5/5
  2008 | D:2      | Found a shimmering altar of Xom.
  2008 | D:2      | Found a bloodstained altar of Trog.
  2013 | D:2      | Found a radiant altar of Vehumet.
  2015 | D:2      | Found a white marble altar of Elyvilon.
  2016 | D:2      | Found a glowing silver altar of Zin.
  2119 | D:2      | Found an ornate altar of the Wu Jian Council.
  2191 | D:3      | Reached XP level 5. HP: 33/41 MP: 6/6
  2621 | D:3      | HP: 1/61 [orc priest/divine providence (12)]
  2627 | D:3      | Reached skill level 4 in Polearms
  2947 | D:3      | Reached ** piety under Lugonu
  2947 | D:3      | Reached skill level 1 in Throwing
  3281 | D:3      | Reached XP level 6. HP: 33/48 MP: 8/8
  3703 | D:3      | Found a hazy altar of Hepliaklqana.
  3703 | D:3      | Found a snail-covered altar of Cheibriados.
  4240 | D:4      | Noticed an ogre
  4261 | D:4      | Killed an ogre
  4261 | D:4      | Reached XP level 7. HP: 40/53 MP: 6/9
  4355 | D:4      | Found Dykuturu's Book Boutique.
  4806 | D:4      | Reached skill level 5 in Polearms
  4880 | D:5      | Entered Level 5 of the Dungeon
  5333 | D:5      | Found a shimmering altar of Xom.
  5339 | D:5      | Found a shimmering altar of Xom.
  5340 | D:5      | Found a shimmering altar of Xom.
  5370 | D:5      | Reached XP level 8. HP: 51/60 MP: 9/11
  5809 | D:5      | Found a staircase to the Ecumenical Temple.
  6209 | D:6      | Reached *** piety under Lugonu
  6331 | D:6      | Found a runed translucent door.
  6331 | D:6      | Noticed Alannah's ghost (novice DrWn)
  6336 | D:6      | Noticed Eustachio
  6346 | D:6      | Killed Eustachio
  6346 | D:6      | Reached skill level 6 in Polearms
  7095 | D:6      | Reached XP level 9. HP: 59/65 MP: 12/12
  7145 | D:6      | Reached skill level 7 in Polearms
  7408 | D:7      | Found a runed translucent gate.
  7408 | D:7      | Found a runed translucent gate.
  7408 | D:7      | Found a runed translucent gate.
  7409 | D:7      | Found an opulent altar of Gozag.
  7409 | D:7      | Noticed raetorn's ghost (novice DsWz)
  7711 | D:7      | Reached skill level 8 in Polearms
  8423 | D:8      | Noticed a troll
  8425 | D:8      | Reached skill level 5 in Throwing
  8443 | D:8      | Reached skill level 9 in Polearms
  8458 | D:8      | Killed a troll
  8458 | D:8      | Reached XP level 10. HP: 39/73 MP: 13/13
  8476 | D:8      | HP: 2/73 [poisoned by a killer bee]
  8476 | D:8      | Slain by a killer bee

Illustrated notes

Levels and vault maps discovered:
D:1:      dpeg_arrival_water_temple_mockup, layout_basic,
          chequers_serial_rivers_small_3, minmay_misc_feat_pillars
D:2:      layout_basic, marbit_many_paths, chequers_temple_overflow_minitemple,
          first_ration, cheibriados_altar_1
D:3:      layout_loops_cross, gammafunk_temple_overflow_statue
D:4:      layout_rooms, serial_shops,
          nicolae_shop_temple_entry_statues_fountains, hex_large,
          minmay_manual_mess
D:5:      layout_cave_pods, minmay_temple_entry_from_below_b,
          portal_sewer_entry_d, roderic_batcave, xom_redecorated,
          uniq_crazy_yiuf_cottage
D:6:      layout_gridville, ebering_ghost_inner_flame, uniq_eustachio
D:7:      layout_cave_pools, ebering_ghost_gozag, hangedman_decor_push
D:8:      layout_basic, david_lair_shrubbed, uniq_joseph

Skill      XL: |  1  2  3  4  5  6  7  8  9 |
---------------+----------------------------+-----
Polearms       | 3 4 5 6 9 |  9.2
Throwing       | 1 2 3 4 5 |  5.3
Invocations    | 3 4 |  4.4
Armour         | 3 4 |  4.4
Fighting       | 4 |  4.7
Dodging        | 3 4 |  4.0

Action                   |  1- 3 |  4- 6 |  7- 9 | 10-12 || total
-------------------------+-------+-------+-------+-------++-------
Melee: Spear             |   124 |   251 |   174 |       ||   549
       Halberd           |       |       |   148 |    16 ||   164
Throw: Stone             |    24 |       |       |       ||    24
       Boomerang         |       |    49 |     7 |       ||    56
       Javelin           |       |       |    54 |       ||    54
Invok: Depart the Abyss  |     1 |       |       |       ||     1
       Bend Space        |       |    15 |     7 |     1 ||    23
  Use: Scroll            |     6 |     7 |     7 |       ||    20
       Potion            |       |     2 |     4 |     1 ||     7
 Stab: Sleeping          |       |       |     1 |       ||     1
  Eat: Chunk             |     3 |     6 |     6 |       ||    15
       Ration            |       |     1 |     2 |       ||     3
Armor: Leather armour    |    16 |       |    28 |       ||    44
       Ring mail         |     7 |    72 |    85 |       ||   164
       Skin              |       |     5 |    27 |    25 ||    57
Dodge: Dodged            |    60 |   110 |   210 |     2 ||   382
